 Dungeon Crawl Stone Soup version 0.30-a0-883-g5ad918d77d (webtiles) character file.

Game seed: 16523916737242039309

53 bobarctor the Ducker (level 3, -1/25 (27) HPs)
             Began as a Demonspawn Gladiator on Mar 15, 2023.
             Succumbed to Crazy Yiuf's poison
             ... on level 2 of the Dungeon.
             The game lasted 00:08:57 (951 turns).

bobarctor the Ducker (Demonspawn Gladiator)          Turns: 951, Time: 00:08:58

HP:   -1/25 (27)    AC:  7    Str: 14    XL:     3   Next: 64%
MP:   0/4           EV: 12    Int: 11    God:
Gold: 88            SH:  3    Dex: 14    Spells: 4/4 levels left

rFire   . . .      SeeInvis .    h - +3 dagger
rCold   . . .      Faith    .    q - +0 buckler
rNeg    . . .      Spirit   +    b - +0 leather armour
rPois   .          Reflect  .    k - +2 helmet
rElec   .          Rampage  .    (no cloak)
rCorr   .                        (no gloves)
Will    .....                    l - +0 pair of boots
Stlth   +                        (no amulet)
HPRegen 0.24/turn                (no ring)
MPRegen 0.18/turn                (no ring)

@: lethally poisoned (-1 -> -10), hasted, drained, very quick
A: magic shield, magic regeneration
a: no special abilities


You were on level 2 of the Dungeon.
You visited 1 branch of the dungeon, and saw 2 of its levels.

You collected 88 gold pieces.

Inventory:

Hand Weapons
 a - a +0 trident
 h - a +3 dagger (weapon)
 u - a +0 flail
Missiles
 d - 3 throwing nets (quivered)
 e - a javelin
 f - 24 stones
 s - 3 poisoned darts
Armour
 b - a +0 leather armour (worn)
 k - a +2 helmet (worn)
 l - a +0 pair of boots (worn)
 q - a +0 buckler (worn)
Scrolls
 c - 2 scrolls of enchant weapon {unknown}
 g - a scroll of teleportation {unknown}
 i - a scroll of amnesia {unknown}
 p - a scroll of immolation {unknown}
 r - a scroll of poison {unknown}
Potions
 m - a potion of heal wounds {unknown}
 n - a potion of flight {unknown}
 o - a potion of degeneration {unknown}
 t - a potion of might {unknown}


   Skills:
 + Level 2.2 Fighting
 + Level 3.0 Polearms
 - Level 2.0 Throwing
 + Level 0.3 Armour
 + Level 3.3 Dodging
 * Level 1.2 Spellcasting


You had 4 spell levels left.
You didn't know any spells.
Your spell library contained the following spells:

 Spells                   Type           Power      Damage    Failure   Level
 Conjure Ball Lightning   Conj/Air       0%         3x3d6     100%        6
 Discord                  Hex            0%         N/A       100%        8
 Disjunction              Tloc           0%         N/A       100%        8


Dungeon Overview and Level Annotations

Branches:
Dungeon (2/15)

Altars:

Annotations:
D:2 Crazy Yiuf


Innate Abilities, Weirdness & Mutations

When hurt, damage is shared between your health and your magic reserves.
You regenerate magic rapidly.


Message History

The giant cockroach is heavily wounded.
The giant cockroach barely misses you.
You hit the giant cockroach.
You kill the giant cockroach!
Found a stone staircase leading up.
Found 2 stones.
You see here a +0 flail.
u - a +0 flail A hobgoblin comes into view.
You hit the hobgoblin but do no damage. The hobgoblin closely misses you.
You hit the hobgoblin.
The hobgoblin is severely wounded.
The hobgoblin closely misses you.
You hit the hobgoblin.
You kill the hobgoblin!
f - 24 stones (gained 2)
Found a hammer.
Found a runed translucent door.
Crazy Yiuf shouts!
You open the door. You hit Crazy Yiuf.
Crazy Yiuf is moderately wounded.
Crazy Yiuf hits you but does no damage.
You barely miss Crazy Yiuf.
Crazy Yiuf is lightly wounded.
Crazy Yiuf closely misses you.
You hit Crazy Yiuf.
Crazy Yiuf is heavily wounded.
Crazy Yiuf hits you with a +4 quarterstaff of chaos.
You are poisoned.
You hit Crazy Yiuf.
Crazy Yiuf is heavily wounded.
You feel very sick.
Crazy Yiuf hits you with a +4 quarterstaff of chaos!
Ouch! That really hurt!
* * * LOW HITPOINT WARNING * * *
You feel drained.
* * * LOW HITPOINT WARNING * * *
Unknown command.
It was a potion of haste.
You feel yourself speed up.
You die...

#.........#
#....>.....
............
####........ #........
######... ###
♣♣##.#...>.. #)..#♣♣
♣♣..#.<.##...
#...g@♣♣♣♣......######
#...#♣..♣..........###
### ♣♣♣.♣...#.[......
♣♣♣♣♣###.......
#........
##########........
#......#..#.......
#......<..........
####.#............


You could see Crazy Yiuf.

Vanquished Creatures
  2 adders (D:2)
  A dart slug (D:2)
  A bat (D:1)
  3 endoplasms
  2 giant cockroaches (D:2)
  4 goblins (D:1)
  2 hobgoblins
  2 quokkas
  3 ball pythons (D:2)
  3 frilled lizards
  4 kobolds (D:1)
  5 rats
32 creatures vanquished.

Vanquished Creatures (others)
  2 plants (D:2)
2 creatures vanquished.

Grand Total: 34 creatures vanquished

Notes
Turn   | Place    | Note
-------+----------+-------------------------------------------
     0 | D:1      | bobarctor the Demonspawn Gladiator began the quest for the
                  | Orb.
     0 | D:1      | Reached XP level 1. HP: 16/16 MP: 1/1
   141 | D:1      | Gained mutation: You regenerate magic rapidly. [demonic
                  | ancestry]
   141 | D:1      | Reached XP level 2. HP: 22/22 MP: 2/2
   680 | D:2      | Upgraded the game from 0.30-a0-881-g1ff12e1e11 to
                  | 0.30-a0-883-g5ad918d77d
   719 | D:2      | Reached skill level 1 in Spellcasting
   719 | D:2      | Gained mutation: When hurt, damage is shared between your
                  | health and your magic reserves. [demonic ancestry]
   719 | D:2      | Reached XP level 3. HP: 27/27 MP: 2/4
   942 | D:2      | Found a runed translucent door.
   943 | D:2      | Noticed Crazy Yiuf
   951 | D:2      | Succumbed to Crazy Yiuf's poison

Illustrated notes

Levels and vault maps discovered:
D:1:      erik_arrival_orb_chamber, layout_rooms, grunt_decor_one_mirror
D:2:      layout_rooms, ebering_ecumenical_altar_webs, serial_bayou_pond_a,
          dk_noncrumbling_4, uniq_crazy_yiuf_cottage, uniq_jessica

Skill      XL: |  1  2  3 |
---------------+----------+-----
Dodging        | 3 |  3.3
Throwing       | 2 |  2.0
Spellcasting   | 1 |  1.2
Polearms       | 3 |  3.0
Fighting       | |  2.2
Armour         | |  0.3

Action                     || total
---------------------------++-------
  Melee: Trident           ||    10
         Dagger            ||    85
         Punch             ||     2
    Use: Potion            ||     1
   Stab: Sleeping          ||     1
 Armour: Leather armour    ||    32
  Dodge: Dodged            ||    45
  Block: Buckler           ||     1

Table legend: (Time is in decaauts)
 A = Elapsed time spent in this place.
 B = Non-inter-level travel time spent in this place.
 C = Inter-level travel time spent in this place.
 D = Time resting spent in this place.
 E = Time spent auto-exploring this place.
 F = Levels seen in this place.
 G = Mean time per level.
                   A        B        C        D        E       F      G
               +--------+--------+--------+--------+--------+-----+--------+
         Total |    952 |    907 |     45 |     46 |    518 |   2 |  476.0 |
       Dungeon |    952 |    907 |     45 |     46 |    518 |   2 |  476.0 |
               +--------+--------+--------+--------+--------+-----+--------+

Top non-repeatable levels by time:
     D:1: 639 daAuts
     D:2: 313 daAuts
